 Dungeon Crawl Stone Soup version 0.20-a0-1078-g4874019 (webtiles) character file.

52 kuniqs the Skirmisher (level 3, -1/29 HPs)
             Began as a Demonspawn Fighter on Apr 30, 2017.
             Slain by a gnoll
             ... wielding a +0 halberd
              (10 damage)
             ... on level 2 of the Dungeon.
             The game lasted 00:01:36 (1369 turns).

kuniqs the Skirmisher (Demonspawn Fighter)          Turns: 1369, Time: 00:01:37

Health: -1/29      AC:  6    Str: 16    XL:     3   Next: 60%
Magic:  3/3        EV:  9    Int:  9    God:
Gold:   85         SH:  9    Dex: 13    Spells: 2/2 levels left

rFire    . . .     SeeInvis .   a - +0 rapier
rCold    . . .     Gourm    .   c - +0 shield
rNeg     . . .     Faith    .   b - +0 scale mail
rPois    .         Spirit   .   (helmet restricted)
rElec    .         Reflect  .   (no cloak)
rCorr    .         Harm     .   (no gloves)
MR       .....                  (no boots)
Stlth    ..........             (no amulet)
Regen    0.1/turn               (no ring)
MPRegen  0.1/turn               (no ring)

@: no status effects
A: antennae 1, repulsion field 1
a: no special abilities


You were on level 2 of the Dungeon.
You were not hungry.

You visited 1 branch of the dungeon, and saw 2 of its levels.

You collected 85 gold pieces.

Inventory:

Hand Weapons
 a - a +0 rapier (weapon)
Armour
 b - a +0 scale mail (worn)
 c - a +0 shield (worn)
Scrolls
 h - a scroll of teleportation {unknown}
 i - a scroll of fog {unknown}
 j - a scroll of identify {unknown}
 m - 2 scrolls of fear {unknown}
Potions
 f - a potion of might
 k - 2 potions of mutation {unknown}
 l - a potion of curing {unknown}
 n - a potion of heal wounds {unknown}
 o - a potion of agility {unknown}
Comestibles
 d - a bread ration
 e - a meat ration
 g - 6 chunks of flesh


   Skills:
 + Level 3.4 Fighting
 - Level 1.7 Short Blades
 + Level 3.2 Armour
 + Level 0.8 Dodging
 + Level 3.2 Shields


You had 2 spell levels left.
You didn't know any spells.

Dungeon Overview and Level Annotations

Branches:
Dungeon (2/15)

Altars:


Innate Abilities, Weirdness & Mutations

You have a pair of small antennae on your head.
You are surrounded by a mild repulsion field. (EV +2)


Message History

There is a stone staircase leading down here.
You puncture the gnoll! You block the gnoll's attack.
You closely miss the gnoll. You block the gnoll's attack.
You hit the gnoll. The gnoll closely misses you.
You hit the gnoll. The gnoll hits you. You block the gnoll's attack.
You closely miss the gnoll. You block the gnoll's attack.
You hit the gnoll but do no damage. You block the gnoll's attack.
You puncture the gnoll!
You kill the gnoll!
No target in view!
You climb downwards.
The gnoll completely misses you.
There is a stone staircase leading up here.
You hit the gnoll. The gnoll hits you with a halberd!
You hit the gnoll but do no damage. The gnoll hits you with a halberd!
You are too injured to fight recklessly!
You are too injured to fight recklessly!
You are too injured to fight recklessly!
Your shield and scale mail prevent you from hitting the gnoll.
The gnoll hits you with a halberd!
You die...

###.#....# #........# ..#.#....#
#........# ..#.#....###........#
.....g...'....>#############
....#....#....(.(..........#
##..######......#...(....#.#
...g# #......'........#.# ....#
#......#........#.#
..g.######......@........#.#
....#..........g.........#.######
....#.........##.........#.......
...##.........##.#'#############.
#..##.........##..... #.
#...........g.##....... #.
#)............##....... #.
#.............##....... #.
#....##....#+###...... #.


You could see a gnoll.

Vanquished Creatures
  2 gnolls (D:1)
  3 dart slugs (D:1)
  A leopard gecko (D:1)
  7 bats
  A giant cockroach (D:1)
  3 goblins
  A hobgoblin (D:1)
  3 kobolds
  A quokka (D:2)
  2 frilled lizards
  4 rats (D:1)
28 creatures vanquished.

Notes
Turn   | Place    | Note
-------+----------+-------------------------------------------
     0 | D:1      | kuniqs the Demonspawn Fighter began the quest for the Orb.
     0 | D:1      | Reached XP level 1. HP: 18/18 MP: 1/1
   429 | D:1      | Gained mutation: You are surrounded by a mild repulsion field. (EV +2) [demonic ancestry]
   429 | D:1      | Reached XP level 2. HP: 24/24 MP: 2/2
  1219 | D:1      | Gained mutation: You have a pair of small antennae on your head. [demonic ancestry]
  1219 | D:1      | Reached XP level 3. HP: 24/29 MP: 3/3
  1369 | D:2      | Slain by a gnoll

Vault maps used:
D:1:      nagdon_arrival_double_spiral
D:2:      first_bread

Skill      XL: |  1  2 |
---------------+-------+-----
Armour         | 3 |  3.2
Shields        | 3 |  3.2
Fighting       | |  3.4
Short Blades   | |  1.7
Dodging        | |  0.8

Action                   || total
-------------------------++-------
Melee: Rapier            ||   109
  Eat: Chunk             ||     2
Armor: Scale mail        ||    52
Dodge: Dodged            ||    40
Block: Shield            ||    62
